AoeStats
← | ArCas | Toruk Makto

Four Lakes

503748393Analyzed
4v4 RM · 1mo ago on Sep 2, 2026· 26m 40s· 8 players
Game mode
Random Map
Map size
Large (8 player)
Population
200
Speed
Normal
Resources
Standard
Victory
Conquest
Starting age
Dark Age
Ending age
Imperial Age
RankedLock teamsTeams togetherTeam positionsShared explorationLock speedFull tech treeHidden civsTurbo modeCheats
Victory
Defeat
🇫🇷 Huns · France
1381
+14
🇲🇽 Dravidians · Mexico
1365
+15
🇺🇸 Mongols · United States
1315
+17
🇲🇽 Aztecs · Mexico
1294
+18
🇦🇷 Persians · Argentina
1379
-18
🇦🇷 Persians · Argentina
1369
-17
🇦🇷 Mongols · Argentina
1325
-15
🇦🇷 Bulgarians · Argentina
1299
-14
Lord_Wilfredo
7:10 Loom
9:20 Feudal Age
9:57 Double-Bit Axe
16:09 Wheelbarrow
23:57 Town Watch
28:11 Castle Age
| ArCas | Toruk Makto
jeremias723
6:40 Loom
9:18 Feudal Age
18:18 Wheelbarrow
24:23 Castle Age
23:04 Horse Collar
23:12 Double-Bit Axe
24:18 Fletching
Owen Guillermo Crippa
2:36 Loom
6:40 Loom
9:36 Feudal Age
10:08 Double-Bit Axe
14:12 Scale Barding Armor
17:24 Gold Mining
18:20 Forging
22:19 Castle Age
20:49 Bloodlines
20:27 Fishing Lines
22:06 Fletching
23:37 Chain Barding Armor
Banana Latte
4:17 Loom
11:31 Feudal Age
17:51 Castle Age
15:45 Fletching
16:19 Scale Mail Armor
17:12 Double-Bit Axe
17:54 Padded Archer Armor
24:25 Fishing Lines
26:08 Bodkin Arrow
edengr7
10:14 Feudal Age
12:08 Double-Bit Axe
15:53 Castle Age
15:35 Horse Collar
16:12 Gold Mining
16:56 Fishing Lines
17:48 Bow Saw
17:32 Fletching
18:20 Bodkin Arrow
18:57 Loom
21:42 Padded Archer Armor
22:37 Gillnets
derschulerin
5:09 Loom
9:33 Feudal Age
9:42 Man-at-Arms
10:57 Arson
18:19 Scale Mail Armor
24:33 Forging
25:28 Gold Mining
27:46 Castle Age
26:23 Fletching
26:31 Horse Collar
303
7:27 Loom
10:05 Feudal Age
18:47 Fletching
24:32 Horse Collar
24:40 Double-Bit Axe
26:57 Padded Archer Armor
Connection lost

Rejoining the realm…

Still unreachable

The connection could not be restored.

Session expired

The server has moved on; the page needs a fresh start.